 Dungeon Crawl Stone Soup version 0.30-a0-457-g4b7bca3bfa (webtiles) character file.

Game seed: 4470278031364041688

3147 Essalna the Zephyrmancer (level 9, -4/58 HPs)
             Began as a Tengu Air Elementalist on Dec 13, 2022.
             Was a Believer of Vehumet.
             Slain by a killer bee (7 damage)
             ... on level 8 of the Dungeon.
             The game lasted 00:21:20 (10176 turns).

Essalna the Zephyrmancer (Tengu Air Elementalist)  Turns: 10176, Time: 00:21:21

Health: -4/58      AC:  6    Str:  8    XL:     9   Next: 93%
Magic:  6/13       EV: 15    Int: 19    God:    Vehumet [**....]
Gold:   470        SH:  5    Dex: 16    Spells: 9/12 levels left

rFire   . . .      SeeInvis +    y - +6 trident of Siceroh {elec, rCorr}
rCold   . . .      Faith    .    (no shield)
rNeg    . . .      Spirit   .    A - +0 steam dragon scales
rPois   .          Reflect  +    (helmet restricted)
rElec   .          Harm     .    q - +0 cloak
rCorr   +          Rampage  .    (no gloves)
Will    .....                    (boots unavailable)
Stlth   ++........               n - amulet of reflection
HPRegen 0.29/turn                f - ring of resist corrosion
MPRegen 0.13/turn                h - ring of see invisible

@: lethally poisoned (-4 -> -14), flying quickly and evasively, quick
A: beak, talons 3, nimble flight
a: Renounce Religion


You were on level 8 of the Dungeon.
You worshipped Vehumet.
Vehumet was pleased with you.
You visited 2 branches of the dungeon, and saw 9 of its levels.
You also visited: Sewer and Ossuary.

You collected 470 gold pieces.

Inventory:

Hand Weapons
 g - a +0 spear of chaos
 i - a +2 war axe of freezing
 w - a +2 dagger of speed
 x - a +2 dagger of venom
 y - the +6 trident of Siceroh (weapon) {elec, rCorr}
   (You took it off an orc on level 7 of the Dungeon)

   It occasionally discharges a powerful burst of electricity upon striking a
   foe.
   rCorr:     It protects you from acid and corrosion.
Armour
 a - a +1 robe
 q - a +0 cloak (worn)
 A - +0 steam dragon scales (worn)
Magical Staves
 p - a staff of cold
Jewellery
 f - a ring of resist corrosion (left hand)
 h - a ring of see invisible (right hand)
 n - an amulet of reflection (around neck)
Wands
 u - a wand of polymorph (13)
Scrolls
 e - 2 scrolls of enchant armour
 k - 14 scrolls of identify
 l - 3 scrolls of teleportation
 t - 2 scrolls of amnesia
 B - a scroll of butterflies
Potions
 b - 2 potions of haste
 c - 6 potions of curing
 d - 3 potions of lignification
 j - 5 potions of degeneration
 m - 3 potions of berserk rage
 o - a potion of brilliance {unknown}
 r - a potion of resistance
 s - a potion of cancellation {unknown}
 v - 2 potions of might
 z - 2 potions of ambrosia {unknown}


   Skills:
 + Level 7.7 Fighting
 + Level 0.8 Armour
 + Level 2.4 Dodging
 - Level 2.0 Stealth
 - Level 2.0 Spellcasting
 + Level 10.2 Conjurations
 + Level 10.9 Air Magic


You had 9 spell levels left.
You knew the following spells:

 Your Spells              Type           Power      Damage    Failure   Level
a - Shock                 Conj/Air       100%       1d9       1%          1
b - Static Discharge      Conj/Air       84%        2-6/arc   1%          2

Your spell library contained the following spells:

 Spells                   Type           Power      Damage    Failure   Level
 Momentum Strike          Conj/Tloc      42%        3d9       3%          2
 Magic Dart               Conj           100%       1d8       1%          1
 Searing Ray              Conj           80%        2d7       1%          2
 Swiftness                Air            43%        N/A       1%          3
 Airstrike                Air            21%        2d(4-20)  1%          4
 Slow                     Hex            4%         N/A       17%         1
 Fulminant Prism          Conj/Hex       10%        3d9       21%         4
 Confusing Touch          Hex            1%         N/A       45%         3
 Vampiric Draining        Necr           1%         2d6       45%         3


Dungeon Overview and Level Annotations

Branches:
Dungeon (8/15)             Temple (1/1) D:6           Sewer (visited)
Ossuary (visited)
   Lair: D:8-11

Altars:
Okawaru
Vehumet
Zin


Innate Abilities, Weirdness & Mutations

You have a beak for a mouth.
You have claws for feet.
Your magical nature lets you fly swiftly and evasively.


Message History

The zap hits the killer bee!
The killer bee is heavily wounded.
The zap hits the orc priest!
The orc priest is almost dead.
The zap hits the killer bee!
You kill the killer bee!
Vehumet accepts your kill.
You feel your power returning.
You feel sick. The killer bee stings you.
* * * LOW HITPOINT WARNING * * *
You are lethally poisoned!
The killer bee poisons you! The killer bee closely misses you.
Casting: Shock (safe; 1% risk of failure)
Confirm with . or Enter, or press ? or * to list all spells.
Aiming: Shock (safe; 1% risk of failure)
Press: ? - help, Shift-Dir - straight line, f/p - killer bee
Aim: a killer bee (heavily wounded, 48% to hit)
The zap hits the killer bee!
The killer bee is almost dead.
The zap hits the orc priest!
You kill the orc priest!
Vehumet accepts your kill.
You feel your power returning.
* * * LOW HITPOINT WARNING * * *
You feel very sick. The killer bee stings you.
* * * LOW HITPOINT WARNING * * *
The killer bee stings you.
* * * LOW HITPOINT WARNING * * *
Okay, then.
Unknown command.
Reach: y) +6 trident of Siceroh {elec, rCorr}
Press: ? - help, Dir - move target, f/p - killer bee
Aim: a killer bee (almost dead, about 55% to evade the +6 trident of Siceroh)
You barely miss the killer bee. Your kick misses the killer bee.
Your peck misses the killer bee.
The killer bee is almost dead.
* * * LOW HITPOINT WARNING * * *
You feel very sick. The killer bee stings you!
You die...

.~~♣~...P....# #.#
P~~~~♣~P.....######.#
♣~~~~~~..........#.#######
♣~~~..........+........
~~~♣..)........##.....##
....P...##†######........#
....o..###)# #........#
....... #y# #......#.#
####... #@# #......#(..
..... #......#......# ##
###... #................
#... #.####.######.#.. ..#
#.# .#.# ..# # # .## ..


You could see a killer bee.

Vanquished Creatures
  Maggie (D:7)
  Prince Ribbit (D:6)
  2 water moccasins
  A black bear (D:6)
  A sky beast (D:7)
  3 ogres
  A centaur (D:6)
  A phantom (D:5)
  Blork the orc (D:5)
  2 elf zombies (Ossuary)
  A kobold brigand (D:7)
  4 scorpions
  4 wights (D:6)
  3 killer bees (D:8)
  A centaur zombie (Ossuary)
  3 hounds
  3 human zombies (Ossuary)
  9 orc priests
  2 iguanas
  2 orc wizards
  2 mummies (Ossuary)
  4 gnolls (D:6)
  7 adders
  6 river rats (Sewer)
  A shadow imp (D:5)
  3 white imps
  7 worms
  4 dart slugs
  34 orcs
  3 endoplasms
  6 giant cockroaches
  10 hobgoblins
  14 jackals
  11 quokkas
  18 ball pythons
  15 bats
  4 frilled lizards
  4 goblins
  A goblin zombie (Ossuary)
  9 hobgoblin zombies (Ossuary)
  2 jackal zombies (Ossuary)
  8 kobolds
  7 kobold zombies (Ossuary)
  11 orc zombies (Ossuary)
  5 rats
  A rat zombie (Ossuary)
243 creatures vanquished.

Vanquished Creatures (others)
  5 plants (D:8)
5 creatures vanquished.

Grand Total: 248 creatures vanquished

Notes
Turn   | Place    | Note
-------+----------+-------------------------------------------
     0 | D:1      | Essalna the Tengu Air Elementalist began the quest for the
                  | Orb.
     0 | D:1      | Reached XP level 1. HP: 10/10 MP: 4/4
   402 | D:1      | Reached XP level 2. HP: 16/16 MP: 1/6
   694 | D:1      | Reached skill level 1 in Fighting
   934 | D:2      | Reached XP level 3. HP: 20/20 MP: 5/7
  1930 | D:3      | Reached XP level 4. HP: 26/26 MP: 4/8
  2050 | D:3      | Reached skill level 5 in Air Magic
  2550 | D:3      | Gained mutation: Your magical nature lets you fly swiftly
                  | and evasively. [Tengu growth]
  2550 | D:3      | Reached XP level 5. HP: 14/31 MP: 1/9
  3096 | D:4      | Found a glowing drain.
  3100 | Sewer    | Entered a sewer
  3541 | Sewer    | Reached XP level 6. HP: 37/37 MP: 7/10
  3846 | Sewer    | Learned a level 2 spell: Static Discharge
  5026 | D:5      | Entered Level 5 of the Dungeon
  5031 | D:5      | Reached skill level 5 in Conjurations
  5043 | D:5      | Reached XP level 7. HP: 32/42 MP: 9/11
  5558 | D:5      | Reached XP level 8. HP: 45/48 MP: 3/12
  5846 | D:5      | Reached skill level 5 in Fighting
  6097 | D:5      | Noticed Blork the orc
  6106 | D:5      | Killed Blork the orc
  6936 | D:6      | Found a staircase to the Ecumenical Temple.
  7015 | Temple   | Entered the Ecumenical Temple
  7135 | Temple   | Became a worshipper of Vehumet
  7170 | D:6      | Noticed Prince Ribbit
  7179 | D:6      | Killed Prince Ribbit
  7180 | D:6      | Reached XP level 9. HP: 39/56 MP: 5/13
  7999 | D:7      | Found a sand-covered staircase.
  8008 | Ossuary  | Entered an ossuary
  8333 | Ossuary  | Reached * piety under Vehumet
  8333 | Ossuary  | Offered knowledge of Kiss of Death by Vehumet.
  8413 | Ossuary  | Reached skill level 10 in Air Magic
  8867 | D:7      | Noticed Maggie
  9058 | D:7      | Reached ** piety under Vehumet
  9065 | D:7      | Offered knowledge of Momentum Strike by Vehumet.
  9236 | D:7      | Identified the +6 trident of Siceroh {elec, rCorr}
  9546 | D:7      | Killed Maggie
  9547 | D:7      | Reached skill level 10 in Conjurations
 10176 | D:8      | Slain by a killer bee

Illustrated notes

Levels and vault maps discovered:
D:1:      zelgadis_glass_arrival_small, layout_loops_ring
D:2:      layout_rooms
D:3:      layout_basic, minmay_randomly_rotated_circles
D:4:      layout_loops_ring, gup_sewer_entry_spiral, kennysheep_small_circle
D:5:      layout_rooms, uniq_blork_the_orc
D:6:      layout_basic, minmay_temple_entry_sparse_star, grunt_tough_drop,
          uniq_prince_ribbit1
D:7:      layout_basic, nicolae_ossuary_entry_ruins, uniq_maggie
D:8:      layout_basic, serial_bayou_pond_a, nicolae_transmutations_shop,
          chequers_serial_rivers_micro_d
Temple:   mainiacjoe_temple_big_plus

Skill      XL: |  1  2  3  4  5  6  7  8  9 |
---------------+----------------------------+-----
Conjurations   | 2 3 4 5 6 8 10 | 10.2
Fighting       | 1 2 3 4 6 7 |  7.7
Air Magic      | 5 6 7 9 10 | 10.9
Armour         | |  0.8
Dodging        | |  2.4
Stealth        | |  2.0
Spellcasting   | |  2.0

Action                   |  1- 3 |  4- 6 |  7- 9 || total
-------------------------+-------+-------+-------++-------
Melee: Spear             |     3 |    17 |       ||    20
       Kick              |     1 |    13 |    23 ||    37
       War axe           |       |    54 |    10 ||    64
       Peck              |       |     6 |    12 ||    18
       Dagger            |       |       |    34 ||    34
       Trident           |       |       |     8 ||     8
 Cast: Shock             |    79 |   147 |   285 ||   511
       Static Discharge  |       |       |    18 ||    18
  Use: Scroll            |       |     8 |     3 ||    11
       Potion            |       |       |     4 ||     4
 Stab: Sleeping          |       |     2 |       ||     2
Armor: Robe              |     1 |    19 |     3 ||    23
Dodge: Dodged            |     7 |    65 |    62 ||   134
Block: Other             |     1 |    23 |    18 ||    42
       Reflection        |     1 |     1 |     2 ||     4

Table legend: (Time is in decaauts)
 A = Elapsed time spent in this place.
 B = Non-inter-level travel time spent in this place.
 C = Inter-level travel time spent in this place.
 D = Time resting spent in this place.
 E = Time spent auto-exploring this place.
 F = Levels seen in this place.
 G = Mean time per level.
                   A        B        C        D        E       F      G
               +--------+--------+--------+--------+--------+-----+--------+
         Total |   9818 |   9408 |    410 |     93 |   8013 |  11 |  892.5 |
       Dungeon |   8068 |   7687 |    381 |     93 |   6592 |   8 | 1008.5 |
        Temple |    135 |    107 |     28 |      0 |    103 |   1 |  135.0 |
         Sewer |    933 |    933 |      0 |      0 |    780 |   1 |  933.0 |
       Ossuary |    680 |    680 |      0 |      0 |    537 |   1 |  680.0 |
               +--------+--------+--------+--------+--------+-----+--------+

Top non-repeatable levels by time:
     D:6: 1458 daAuts
     D:3: 1374 daAuts
     D:7: 1301 daAuts
     D:4: 1159 daAuts
     D:5: 1134 daAuts
   Sewer: 933 daAuts
     D:1: 864 daAuts
 Ossuary: 680 daAuts
     D:2: 669 daAuts
  Temple: 135 daAuts
     D:8: 106 daAuts
